 Dungeon Crawl Stone Soup version 0.31-a0-198-g2ad674f65e (webtiles) character file.

Game seed: 9778236241585434874

729 qw the Skirmisher (level 7, -19/40 HPs)
             Began as a Deep Elf Hunter on June 25, 2023.
             Was an Initiate of Okawaru.
             Demolished by an ogre
             ... wielding a +0 giant club
              (27 damage)
             ... on level 5 of the Dungeon.
             The game lasted 00:01:32 (3640 turns).

qw the Skirmisher (Deep Elf Hunter)                 Turns: 3640, Time: 00:01:33

Health: -19/40     AC: 12    Str: 10    XL:     7   Next: 44%
Magic:  9/9        EV: 10    Int: 14    God:    Okawaru [......]
Gold:   342        SH:  5    Dex: 18    Spells: 6/6 levels left

rFire   + . .        Y - +1 shortbow
rCold   . . .        (shield currently unavailable)
rNeg    + . .        e - +2 scale mail {rPois}
rPois   +            (no helmet)
rElec   .            h - +0 cloak
rCorr   .            (no gloves)
SInv    .            j - +0 pair of boots
Will    .....        m - amulet of reflection
Stlth   +            l - ring of positive energy
HPRegen 0.26/turn    (no ring)
MPRegen 0.11/turn

%: reflection
@: about to teleport
A: iridescent scales 1, fire resistance 1, passive freeze
a: Renounce Religion


You were on level 5 of the Dungeon.
You worshipped Okawaru.
Okawaru was noncommittal.
You visited 2 branches of the dungeon, and saw 6 of its levels.

You collected 342 gold pieces.


Innate Abilities, Weirdness & Mutations

You are partially covered in iridescent scales. (AC +2)
Your flesh is heat resistant. (rF+)
A frigid envelope surrounds you and freezes all who hurt you.


   Skills:
 - Level 2.5 Fighting
 + Level 10.5 Ranged Weapons
 - Level 1.2 Armour
 - Level 4.5 Dodging
 - Level 1.2 Stealth


You had 6 spell levels left.
You didn't know any spells.
Your spell library was empty.

Inventory:

Hand Weapons
 Y - a +1 shortbow (weapon)
Armour
 e - a +2 scale mail of poison resistance (worn)
 h - a +0 cloak (worn)
 j - a +0 pair of boots (worn)
Jewellery
 l - a ring of positive energy (left hand)
 m - an amulet of reflection (around neck)
Wands
 p - a wand of digging (5)
Scrolls
 a - a scroll of identify
Potions
 b - 2 potions of enlightenment
 c - a potion of magic {unknown}
 d - a potion of might
 f - a potion of ambrosia {unknown}
 k - a potion of mutation
 n - a potion of haste {unknown}
 o - a potion of invisibility {unknown}

Dungeon Overview and Level Annotations

Branches:
Dungeon (5/15)             Temple (1/1) D:5

Altars:
Ashenzari
Dithmenos
Elyvilon
Gozag
Hepliaklqana
Makhleb
Nemelex Xobeh
Okawaru
Qazlal
Ru
Uskayaw
Vehumet
Xom
Yredelemnul
Zin
The Shining One

Shops:
D:1 !


Message History

Press < or > to pray at altars.
Press < or > to pray at altars.
(D) Dungeon (T) Temple
Where to? (* - list waypoints, Enter - Temple @ (x,y), ? - help)
What level of the Dungeon? (default 5, ? - help) Press < or > to pray at altars.
There is a staircase back to the Dungeon here.
You climb upwards.
Welcome back to the Dungeon!
There is a staircase to the Ecumenical Temple here.
Enter note:
Enter note:
Enter note:
Enter note:
Enter note:
Enter note:
Enter note:
Enter note: An ogre comes into view. It is wielding a +0 giant club.
Enter note:
Enter note:
Enter note:
Enter note:
Enter note:
Enter note:
Enter note:
Enter note: You shoot an arrow.
The arrow hits the ogre!
The ogre is heavily wounded.
You shoot an arrow. The arrow hits the ogre.
The ogre is heavily wounded.
You shoot an arrow. The arrow hits the ogre!
The ogre is almost dead.
The ogre hits you with a +0 giant club!!
Ouch! That really hurt!
3640 ||| READING scroll of teleportation.
As you read the scroll of teleportation, it crumbles to dust.
You feel strangely unstable.
The ogre hits you with a +0 giant club!!
Ouch! That really hurt!
You die...

#...........)...## #....
#......#..#..#...##.....
#......###..###.....#
#.....## ##.###.>..#....
#.....# #..##....## ..
#....## #.#.##...#
#....# .....##..# #....#
........#.## ....##
#.......O@..# ...:#
#..............# .%..#
#............#... #/.##
...........# ... #..#
....$.......# #. ##.#
.............# #.##
............## ##..#
###.........# ..#.##


You could see an ogre.

Vanquished Creatures
  Sigmund (D:4)
  Edmund (D:4)
  A black bear (D:4)
  A phantom (D:4)
  A scorpion (D:5)
  A howler monkey (D:5)
  A jelly (D:4)
  5 adders
  An ufetubus (D:4)
  2 worms
  6 dart slugs
  10 orcs
  6 endoplasms
  A giant cockroach (D:1)
  10 goblins
  5 hobgoblins
  6 jackals
  5 quokkas
  6 ball pythons
  8 bats
  2 frilled lizards (D:2)
  3 kobolds
  8 rats
91 creatures vanquished.

Notes
Turn   | Place    | Note
-------+----------+-------------------------------------------
     0 | D:1      | qw the Deep Elf Hunter began the quest for the Orb.
     0 | D:1      | Reached XP level 1. HP: 12/12 MP: 3/3
     0 | D:1      | 0 ||| qw: Version: 0.3-a-22-g0ed2b0b
     0 | D:1      | 0 ||| qw: Game counter: 5386
     0 | D:1      | 0 ||| qw: Melee chars always use a shield: true
     0 | D:1      | 0 ||| qw: God list: Okawaru
     0 | D:1      | 0 ||| qw: Allow faded altars: false
     0 | D:1      | 0 ||| qw: Do Orc after clearing Dungeon:15 true
     0 | D:1      | 0 ||| qw: Do second Lair branch before Depths: true
     0 | D:1      | 0 ||| qw: Lair rune preference: random
     0 | D:1      | 0 ||| qw: Goals: Normal
     0 | D:1      | 0 ||| PLANNING D:1-11
    75 | D:1      | Found Foinlem's Distillery.
    83 | D:1      | 83 ||| SHOPLISTING 2 potions of curing (84 gold, have 23).
    83 | D:1      | 83 ||| SHOPLISTING potion of curing (42 gold, have 23).
    83 | D:1      | 83 ||| SHOPLISTING potion of enlightenment (70 gold, have
                  | 23).
    83 | D:1      | 83 ||| SHOPLISTING potion of heal wounds (70 gold, have
                  | 23).
    83 | D:1      | 83 ||| SHOPLISTING potion of mutation (112 gold, have 23).
   193 | D:1      | Reached skill level 6 in Ranged Weapons
   193 | D:1      | Reached XP level 2. HP: 16/16 MP: 4/4
   374 | D:1      | 374 ||| UPGRADING to +0 ring mail.
   384 | D:1      | 384 ||| DROPPING +0 leather armour.
   385 | D:1      | 385 ||| UPGRADING to +0 pair of boots.
   390 | D:1      | 390 ||| DROPPING ring of wizardry.
   391 | D:1      | 391 ||| READING scroll labelled JICSAXU MAMPYB.
   392 | D:1      | 392 ||| READING scroll labelled DUC IMUTSEUM.
   395 | D:1      | 395 ||| READING scroll labelled NAVYQYD AKYFFO.
   396 | D:1      | 396 ||| READING scroll labelled UHYNWO AJEU.
   397 | D:1      | 397 ||| READING scroll labelled ZUMALIKKESS.
   398 | D:1      | 398 ||| DROPPING scroll of butterflies.
   671 | D:2      | Reached XP level 3. HP: 18/20 MP: 5/5
   723 | D:2      | Reached skill level 7 in Ranged Weapons
  1008 | D:2      | 1008 ||| READING 2 scrolls labelled XILUBO JASU.
  1009 | D:2      | 1009 ||| READING scroll labelled VAHUPEMERA.
  1047 | D:2      | 1047 ||| READING scroll labelled GYETEC UKKEU.
  1048 | D:2      | 1048 ||| DRINKING 2 fuming orange potions.
  1049 | D:2      | 1049 ||| READING 3 scrolls of identify.
  1049 | D:2      | 1049 ||| IDENTIFYING amethyst potion
  1050 | D:2      | 1050 ||| READING 2 scrolls of identify.
  1050 | D:2      | 1050 ||| IDENTIFYING glowing puce potion
  1051 | D:2      | 1051 ||| DROPPING scroll of noise.
  1052 | D:2      | 1052 ||| DROPPING potion of brilliance.
  1076 | D:3      | 1076 ||| STAIRDANCE
  1080 | D:2      | Reached XP level 4. HP: 15/25 MP: 6/6
  1604 | D:3      | 1604 ||| Stepping ~*~*~tactically~*~*~ (outnumbered).
  1613 | D:3      | 1613 ||| Stepping ~*~*~tactically~*~*~ (outnumbered).
  1692 | D:3      | Reached skill level 8 in Ranged Weapons
  1995 | D:3      | 1995 ||| UPGRADING to amulet of the acrobat.
  2000 | D:3      | 2000 ||| UPGRADING to ring of positive energy.
  2001 | D:3      | 2001 ||| READING scroll labelled IWA ZAEWNITUACK.
  2001 | D:3      | Identified a scroll of acquirement
  2001 | D:3      | 2001 ||| ACQUIRING amulet of reflection
  2001 | D:3      | Acquired an amulet of reflection
  2003 | D:3      | 2003 ||| UPGRADING to amulet of reflection.
  2013 | D:3      | 2013 ||| DROPPING amulet of the acrobat.
  2014 | D:3      | 2014 ||| READING scroll labelled RANIEQAI EMAPHIUM.
  2015 | D:3      | 2015 ||| DRINKING 2 clear potions.
  2015 | D:3      | Gained mutation: Your flesh is heat resistant. (rF+)
                  | [potion of mutation]
  2015 | D:3      | Gained mutation: You are partially covered in iridescent
                  | scales. (AC +2) [potion of mutation]
  2015 | D:3      | Gained mutation: A frigid envelope surrounds you and
                  | freezes all who hurt you. [potion of mutation]
  2016 | D:3      | 2016 ||| READING 4 scrolls of identify.
  2016 | D:3      | 2016 ||| IDENTIFYING bubbling puce potion
  2017 | D:3      | 2017 ||| READING 3 scrolls of identify.
  2017 | D:3      | 2017 ||| IDENTIFYING smoky clear potion
  2018 | D:3      | 2018 ||| READING 2 scrolls of identify.
  2018 | D:3      | 2018 ||| IDENTIFYING fuming white potion
  2019 | D:3      | 2019 ||| DROPPING potion of degeneration.
  2020 | D:3      | 2020 ||| DROPPING potion of attraction.
  2119 | D:4      | Reached XP level 5. HP: 29/29 MP: 7/7
  2150 | D:4      | Noticed a phantom
  2164 | D:4      | Killed a phantom
  2165 | D:4      | Reached skill level 9 in Ranged Weapons
  2226 | D:4      | Noticed a black bear
  2232 | D:4      | Killed a black bear
  2233 | D:4      | Reached XP level 6. HP: 36/36 MP: 8/8
  2372 | D:4      | Noticed Sigmund
  2374 | D:4      | Noticed Edmund
  2379 | D:4      | HP: 8/36 [Edmund/+4 flail of protection (7)]
  2380 | D:4      | 2380 ||| READING 2 scrolls of teleportation.
  2381 | D:4      | 2381 ||| DRINKING potion of heal wounds.
  2584 | D:4      | Killed Edmund
  2585 | D:4      | Reached skill level 10 in Ranged Weapons
  2816 | D:4      | HP: 9/36 [something (2)]
  2817 | D:4      | HP: 4/36 [something (1)]
  2819 | D:4      | Killed Sigmund
  2820 | D:4      | Reached XP level 7. HP: 6/40 MP: 9/9
  3018 | D:4      | 3018 ||| UPGRADING to +2 scale mail of poison resistance.
  3028 | D:4      | 3028 ||| DROPPING +0 ring mail.
  3029 | D:4      | 3029 ||| UPGRADING to +0 cloak.
  3034 | D:4      | 3034 ||| READING scroll labelled ZIETZIHYPAUB.
  3035 | D:4      | 3035 ||| READING 2 scrolls of identify.
  3035 | D:4      | 3035 ||| IDENTIFYING blue potion
  3036 | D:4      | 3036 ||| DROPPING potion of lignification.
  3059 | D:5      | Entered Level 5 of the Dungeon
  3256 | D:5      | Found a hazy altar of Hepliaklqana.
  3375 | D:5      | Reached skill level 1 in Armour
  3402 | D:5      | Found a staircase to the Ecumenical Temple.
  3403 | D:5      | 3403 ||| PLANNING TEMPLE
  3422 | Temple   | Entered the Ecumenical Temple
  3423 | Temple   | 3423 ||| PLANNING OKAWARU WORSHIP
  3620 | Temple   | Became a worshipper of Warmaster Okawaru
  3621 | Temple   | 3621 ||| PLANNING D:1-11
  3639 | D:5      | HP: 8/40 [ogre/+0 giant club (32)]
  3640 | D:5      | 3640 ||| READING scroll of teleportation.
  3640 | D:5      | Demolished by an ogre

Levels and vault maps discovered:
D:1:      saegor_arrival_simple_c, layout_rooms, serial_shops, shop
D:2:      layout_basic, minmay_surrounded
D:3:      layout_loops_ring, minmay_joined_circles, uniq_crazy_yiuf_cottage
D:4:      layout_cave_pools, sigmund_edmund_badplayer, uniq_edmund
D:5:      layout_cave_pods, old_standard_altar,
          mainiacjoe_overflow_small_starburst, minmay_temple_entry_wispy
Temple:   nicolae_temple_bog_church

Skill      XL: |  1  2  3  4  5  6  7 |
---------------+----------------------+-----
Ranged Weapons | 6 7 8 9 10 | 10.5
Fighting       | 2 |  2.5
Dodging        | 4 |  4.5
Armour         | 1 |  1.2
Stealth        | |  1.2

Action                     |  1- 3 |  4- 6 |  7- 9 || total
---------------------------+-------+-------+-------++-------
   Fire: Shortbow          |   122 |   163 |    17 ||   302
    Use: Scroll            |    10 |     6 |     3 ||    19
         Potion            |     1 |     2 |       ||     3
 Armour: Ring mail         |    10 |    50 |       ||    60
         Scale mail        |       |       |     2 ||     2
  Dodge: Dodged            |    26 |    44 |     1 ||    71
  Block: Other             |       |     7 |     2 ||     9

Table legend:
 A = Non-vault XP
 B = Vault XP
 C = Vault XP percentage of total XP
 D = Non-vault monster count
 E = Vault monster count
 F = Vault count percentage of total count
                 A         B        C        D         E       F
            +---------+---------+-------+---------+---------+-------
      Total |     615 |     427 |  41.0 |      73 |      18 |  19.8
            +---------+---------+-------+---------+---------+-------
        D:1 |      25 |       0 |   0.0 |      15 |       0 |   0.0
        D:2 |      73 |       7 |   8.8 |      23 |       5 |  17.9
        D:3 |      30 |      23 |  43.4 |      13 |      11 |  45.8
        D:4 |     323 |     397 |  55.1 |      17 |       2 |  10.5
        D:5 |     164 |       0 |   0.0 |       5 |       0 |   0.0
            +---------+---------+-------+---------+---------+-------
